 Dungeon Crawl Stone Soup version 0.27.1-3-gb3d3a73c9e (webtiles) character file.

Game seed: 1384037439037009706

353 raph the Digger (level 6, -5/32 HPs)
             Began as a Deep Elf Earth Elementalist on Oct 29, 2021.
             Slain by Duvessa (11 damage)
             ... on level 4 of the Dungeon.
             The game lasted 00:05:58 (5099 turns).

raph the Digger (Deep Elf Earth Elementalist)       Turns: 5099, Time: 00:05:59

Health: -5/32      AC:  4    Str:  5    XL:     6   Next: 35%
Magic:  1/14       EV: 11    Int: 22    God:
Gold:   111        SH:  0    Dex: 15    Spells: 4/13 levels left

rFire    + . .     SeeInvis .   d - +1 dagger (speed)
rCold    . . .     Faith    .   (no shield)
rNeg     . . .     Spirit   .   m - +0 leather armour
rPois    .         Reflect  .   (no helmet)
rElec    .         Harm     .   e - +0 cloak
rCorr    .         Rampage  .   (no gloves)
Will     .....                  (no boots)
Stlth    ++........             (no amulet)
HPRegen  0.10/turn              k - ring of protection from fire
MPRegen  0.14/turn              (no ring)

@: no status effects
A: no striking features
a: no special abilities


You were on level 4 of the Dungeon.
You visited 1 branch of the dungeon, and saw 4 of its levels.

You collected 111 gold pieces.

Inventory:

Hand Weapons
 a - a +0 dagger
 d - a +1 dagger of speed (weapon)
Missiles
 c - 102 stones
Armour
 b - a +0 robe
 e - a +0 cloak (worn)
 m - a +0 leather armour (worn)
Jewellery
 k - a ring of protection from fire (left hand)
Wands
 l - a wand of polymorph (8)
Potions
 g - a potion of curing
 h - a potion of resistance {unknown}
 j - a potion of magic {unknown}


   Skills:
 - Level 2.4 Dodging
 - Level 2.4 Stealth
 + Level 4.0 Spellcasting
 * Level 3.8 Conjurations
 - Level 1.1 Transmutations
 * Level 6.3 Earth Magic


You had 4 spell levels left.
You knew the following spells:

 Your Spells              Type           Power      Damage    Failure   Level
a - Sandblast             Erth           64%        2d14      1%          1
b - Passwall              Tmut/Erth      16%        N/A       6%          2
c - Stone Arrow           Conj/Erth      52%        3d10      7%          3
d - Dazzling Flash        Conj/Hex       26%        N/A       26%         3

Your spell library contained the following spells:

 Spells                   Type           Power      Damage    Failure   Level
 Petrify                  Tmut/Erth      20%        N/A       38%         4
 Agony                    Necr           4%         N/A       99%         5
 Silence                  Hex/Air        2%         N/A       99%         5


Dungeon Overview and Level Annotations

Branches:
Dungeon (4/15)
 Temple: D:4-7

Altars:

Annotations:
D:4 Duvessa


Message History

The stone arrow hits Duvessa!!
Duvessa is moderately wounded.
Casting: Stone Arrow (quite dangerous; 7% risk of failure)
Confirm with . or Enter, or press ? or * to list all spells.
Aiming: Stone Arrow (quite dangerous; 7% risk of failure)
Press: ? - help, Shift-Dir - straight line, f/p - Duvessa
Aim: Duvessa, wielding a +0 short sword and wearing a +2 leather armour of cold resistance (moderately wounded, berserk, 75% to hit)
The stone arrow hits Duvessa!!
Duvessa is severely wounded.
Aiming: Sandblast (safe; 1% risk of failure)
Press: ? - help, Q - select action, (/) - cycle Shift-Dir - straight line, f/p - Duvessa
Aim: Duvessa, wielding a +0 short sword and wearing a +2 leather armour of cold resistance (severely wounded, berserk, 84% to hit)
The blast of sand misses Duvessa.
Duvessa completely misses you.
You don't have enough magic to cast this spell.
Unknown command.
You barely miss Duvessa.
Duvessa is severely wounded.
Duvessa hits you with a +0 short sword. Duvessa closely misses you.
Duvessa rages.
Aiming: Sandblast (safe; 1% risk of failure)
Press: ? - help, Q - select action, (/) - cycle Shift-Dir - straight line, f/p - Duvessa
Aim: Duvessa, wielding a +0 short sword and wearing a +2 leather armour of cold resistance (severely wounded, berserk, 84% to hit)
The blast of sand misses Duvessa.
Duvessa hits you with a +0 short sword! x2
* * * LOW HITPOINT WARNING * * *
Duvessa closely misses you.
Items here: ) [ ††.
Duvessa hits you with a +0 short sword.
* * * LOW HITPOINT WARNING * * *
You see here a +0 flail.
Duvessa rages.
Duvessa hits you with a +0 short sword.
* * * LOW HITPOINT WARNING * * *
There is an open door here.
Duvessa barely misses you.
Duvessa rages.
Duvessa hits you with a +0 short sword!
You die...

..# #.#.# #.##....#.##.#..#
.....#.#.####.#######.##.#..###
#...........# #.#<......#
#.##.##)..### #.##.#..### #
#.##.))##### #.##.##.#
...+...'...# #.##....#
)#)##...###.# #.#######
)....+...# #e# #.# .. #.#+...#
#@# #.# ..# #....### #.# #.#
....# #.#####.# #.... #.....(.#
#.#+# #########


You could see Duvessa (berserk).

Vanquished Creatures
  An ogre (D:3)
  Dowan (D:4)
  An orc priest (D:4)
  3 orc wizards
  2 hound skeletons (D:4)
  2 adders
  3 dart slugs
  5 orcs
  11 bats
  6 endoplasms
  3 giant cockroaches
  9 goblins
  3 hobgoblins
  2 quokkas
  2 ball pythons
  4 frilled lizards
  6 kobolds
  6 rats
70 creatures vanquished.

Vanquished Creatures (others)
  4 toadstools (D:1)
4 creatures vanquished.

Grand Total: 74 creatures vanquished

Notes
Turn   | Place    | Note
-------+----------+-------------------------------------------
     0 | D:1      | raph the Deep Elf Earth Elementalist began the quest for
                  | the Orb.
     0 | D:1      | Reached XP level 1. HP: 10/10 MP: 6/6
   305 | D:1      | Reached XP level 2. HP: 15/15 MP: 6/8
   308 | D:1      | Reached skill level 4 in Earth Magic
   311 | D:1      | Learned a level 2 spell: Passwall
  1426 | D:1      | Reached XP level 3. HP: 18/19 MP: 9/9
  1430 | D:1      | Learned a level 3 spell: Stone Arrow
  2643 | D:2      | Reached skill level 1 in Conjurations
  2854 | D:2      | Reached skill level 5 in Earth Magic
  3298 | D:2      | Found a faded altar of an unknown god.
  3550 | D:3      | Reached XP level 4. HP: 24/24 MP: 0/10
  3928 | D:3      | Noticed an ogre
  3948 | D:3      | Killed an ogre
  3949 | D:3      | Reached XP level 5. HP: 28/28 MP: 8/12
  4822 | D:4      | Learned a level 3 spell: Dazzling Flash
  4955 | D:4      | Noticed Dowan
  4957 | D:4      | Reached skill level 6 in Earth Magic
  4967 | D:4      | Reached XP level 6. HP: 32/32 MP: 5/13
  5081 | D:4      | Noticed Duvessa
  5082 | D:4      | Killed Dowan
  5099 | D:4      | Slain by Duvessa

Illustrated notes

Levels and vault maps discovered:
D:1:      ldierk_walled_garden_2, layout_basic, serial_park_tiny_1
D:2:      layout_loops_ring, hellmonk_ecumenical_altar_inner_sanctum,
          st_stairs_6
D:3:      layout_loops_cross, chequers_serial_rivers_small_a
D:4:      layout_basic, minmay_temple_entry_statues_fountains, uniq_duvessa,
          uniq_eustachio

Skill      XL: |  1  2  3  4  5  6 |
---------------+-------------------+-----
Earth Magic    | 4 5 6 |  6.3
Conjurations   | 1 2 3 |  3.8
Spellcasting   | 4 |  4.0
Dodging        | |  2.4
Stealth        | |  2.4
Transmutations | |  1.1

Action                   |  1- 3 |  4- 6 || total
-------------------------+-------+-------++-------
Melee: Dagger            |    68 |     3 ||    71
 Cast: Sandblast         |    26 |    23 ||    49
       Stone Arrow       |    21 |    13 ||    34
  Use: Scroll            |       |     3 ||     3
 Stab: Sleeping          |     5 |       ||     5
Armor: Robe              |    25 |       ||    25
Dodge: Dodged            |    56 |    15 ||    71
